 Dungeon Crawl Stone Soup version 0.27-a0-538-g15ff5c5295 (webtiles) character file.

Game seed: 221031268292325194

3250 siradein the Carver (level 9, -30/48 HPs)
             Began as a Gargoyle Gladiator on Mar 7, 2021.
             Was a Believer of Makhleb.
             Annihilated by a very large slime creature (50 damage)
             ... on level 8 of the Dungeon.
             The game lasted 00:17:02 (9304 turns).

siradein the Carver (Gargoyle Gladiator)            Turns: 9304, Time: 00:17:02

Health: -30/48     AC: 20    Str: 25    XL:     9   Next: 99%
Magic:  14/14      EV:  7    Int:  8    God:    Makhleb [**....]
Gold:   430        SH:  0    Dex: 14    Spells: 8/8 levels left

rFire    . . .     SeeInvis .   t - +2 short sword (venom)
rCold    . . .     Faith    .   (no shield)
rNeg     + . .     Spirit   .   B - +0 plate armour
rPois    ∞         Reflect  .   c - +0 helmet
rElec    +         Harm     .   o - +0 cloak
rCorr    .         Rampage  .   F - +0 pair of gloves
Will     .....                  u - +0 pair of boots
Stlth    ..........             (no amulet)
HPRegen  0.16/turn              w - +6 ring of strength
MPRegen  0.14/turn              (no ring)

@: no status effects
A: negative energy resistance 1, electricity resistance, torment resistance 1,
unbreathing 1, petrification resistance, AC +6
a: Renounce Religion, Minor Destruction


You were on level 8 of the Dungeon.
You worshipped Makhleb.
Makhleb was pleased with you.
You visited 2 branches of the dungeon, and saw 9 of its levels.

You collected 430 gold pieces.

Inventory:

Hand Weapons
 g - a +0 short sword of holy wrath
 t - a +2 short sword of venom (weapon)
Missiles
 d - 3 throwing nets
 l - 2 boomerangs of dispersal
 n - 31 poisoned darts
 r - 99 bolts
 A - 8 javelins
 E - 7 boomerangs (quivered)
Armour
 c - a +0 helmet (worn)
 o - a +0 cloak (worn)
 u - a +0 pair of boots (worn)
 B - a +0 plate armour (worn)
 F - a +0 pair of gloves (worn)
Jewellery
 w - a +6 ring of strength (left hand)
 D - an amulet of guardian spirit
 I - a ring of positive energy
Wands
 s - a wand of digging (3)
Scrolls
 b - 4 scrolls of blinking {unknown}
 e - a scroll of brand weapon {unknown}
 f - 2 scrolls of enchant armour {unknown}
 h - 3 scrolls of amnesia {unknown}
 i - 5 scrolls of teleportation {unknown}
 j - 3 scrolls of magic mapping {unknown}
 x - a scroll of noise {unknown}
 y - 2 scrolls of immolation {unknown}
 G - 2 scrolls of enchant weapon {unknown}
Potions
 a - a potion of flight
 k - a potion of cancellation
 m - 8 potions of curing
 p - a potion of berserk rage
 q - 7 potions of haste
 v - a potion of mutation
 z - 6 potions of heal wounds
 C - a potion of brilliance
 H - a potion of might {unknown}


   Skills:
 - Level 2.1 Fighting
 + Level 8.0 Long Blades
 + Level 7.6 Throwing
 - Level 3.0 Dodging
 + Level 7.7 Invocations


You had 8 spell levels left.
You didn't know any spells.
Your spell library contained the following spells:

 Spells                   Type           Power      Damage    Failure   Level
 Magic Dart               Conj           0%         1d3       100%        1
 Blink                    Tloc           N/A        N/A       100%        2
 Call Imp                 Summ           0%         N/A       100%        2
 Slow                     Hex            0%         N/A       100%        2
 Confusing Touch          Hex            0%         N/A       100%        3
 Conjure Flame            Conj/Fire      0%         6-21      100%        3
 Gell's Gravitas          Tloc           0%         N/A       100%        3
 Mephitic Cloud           Conj/Pois/Air  0%         N/A       100%        3
 Petrify                  Tmut/Erth      0%         N/A       100%        4
 Metabolic Englaciation   Hex/Ice        0%         N/A       100%        5
 Yara's Violent Unravell  Hex/Tmut       0%         3d3       100%        5


Dungeon Overview and Level Annotations

Branches:
Dungeon (8/15)             Temple (1/1) D:4            Lair (0/6) D:8

Altars:
Ashenzari
Cheibriados
Dithmenos
Elyvilon
Fedhas
Gozag
Hepliaklqana
Kikubaaqudgha
Makhleb
Nemelex Xobeh
Okawaru
Qazlal
Ru
Sif Muna
Trog
Uskayaw
Vehumet
Wu Jian
Xom
Yredelemnul
Zin
The Shining One

Shops:
D:6 [

Annotations:
D:6 1 runed translucent door, noodleboyJ's ghost, novice DrMo


Innate Abilities, Weirdness & Mutations

Your stone body is resilient. (AC +6)
You are immune to poison.
You resist negative energy. (rN+)
You are resistant to electric shocks. (rElec)
You are resistance to unholy torment.
You can survive without breathing.
You are immune to petrification.


Message History

You puncture the slime creature!
The slime creature is lightly wounded.
The slime creature hits you but does no damage.
You hit the slime creature.
The slime creature is moderately wounded.
A slime creature comes into view.
The slime creature hits you but does no damage.
The slime creature quivers.
You hit the slime creature.
The slime creature is moderately wounded.
The slime creature hits you but does no damage. x2
Two slime creatures merge to form a large slime creature.
You hit the slime creature.
The slime creature is moderately wounded.
You barely miss the slime creature.
The slime creature is moderately wounded.
The slime creature hits you but does no damage.
Two slime creatures merge to form a very large slime creature.
You hit the very large slime creature.
The very large slime creature is lightly wounded.
You hit the very large slime creature.
The very large slime creature looks even sicker.
The very large slime creature is lightly wounded.
The very large slime creature hits you.
You puncture the very large slime creature!
The very large slime creature looks as sick as possible!
The very large slime creature is lightly wounded.
The very large slime creature hits you!!
Ouch! That really hurt!
You hit the very large slime creature but do no damage.
The very large slime creature is moderately wounded.
The very large slime creature barely misses you.
There is an open door here.
There is an open door here.
Items here: †††††††.
You barely miss the very large slime creature.
The very large slime creature is moderately wounded.
The very large slime creature hits you!!!
Ouch! That really hurt!
You die...

##...## .# ##†##
.# #.# .#
#.########## .#
#######...........
#.........########
#.#.#.....# #
##.J..#
#.#.#..@..#
......#...#
#.#.......#
#####.#.#
#.#####.#.#
#.........#
#######.###
##########.##
#...........##


You could see a very large slime creature (very poisoned).

Vanquished Creatures
  The ghost of tinescath the Quickloader, a novice KoHu (D:5)
  Prince Ribbit (D:5)
  7 soldier ants (D:8)
  A sky beast (D:6)
  2 ice beasts
  An ogre (D:6)
  2 centaurs
  A phantom (D:6)
  Blork the orc (D:6)
  3 bullfrogs
  A scorpion (D:4)
  A hound (D:4)
  A centaur skeleton (D:8)
  3 jellies
  3 orc priests
  3 iguanas
  5 orc wizards
  13 worker ants (D:8)
  A hound skeleton (D:5)
  10 adders
  A river rat (D:5)
  A shadow imp (D:7)
  An ufetubus (D:5)
  2 oozes
  2 adder skeletons
  6 worms
  2 dart slugs
  3 leopard geckos
  16 orcs
  2 giant cockroaches
  14 goblins
  8 hobgoblins
  12 jackals
  11 kobolds
  6 quokkas
  10 bats
  2 frilled lizards
  A leopard gecko skeleton (D:5)
  A quokka skeleton (D:6)
  A quokka zombie (D:7)
  7 rats
170 creatures vanquished.

Notes
Turn   | Place    | Note
-------+----------+-------------------------------------------
     0 | D:1      | siradein the Gargoyle Gladiator began the quest for the
                  | Orb.
     0 | D:1      | Reached XP level 1. HP: 12/12 MP: 1/1
   262 | D:1      | Reached XP level 2. HP: 17/17 MP: 2/2
   457 | D:1      | Reached skill level 3 in Long Blades
   744 | D:1      | Reached XP level 3. HP: 13/21 MP: 3/3
  1783 | D:2      | Reached XP level 4. HP: 26/26 MP: 4/4
  2717 | D:3      | Reached XP level 5. HP: 26/30 MP: 5/5
  3239 | D:3      | Found a shimmering blue altar of Sif Muna.
  3266 | D:3      | Found an ornate altar of the Wu Jian Council.
  3270 | D:3      | Found a white marble altar of Elyvilon.
  3738 | D:4      | Reached skill level 4 in Long Blades
  3927 | D:4      | Found a hazy altar of Hepliaklqana.
  3984 | D:4      | Reached XP level 6. HP: 35/35 MP: 6/6
  4000 | D:4      | Found a staircase to the Ecumenical Temple.
  4021 | Temple   | Entered the Ecumenical Temple
  4050 | Temple   | Became a worshipper of Makhleb the Destroyer
  4254 | D:5      | Entered Level 5 of the Dungeon
  4957 | D:5      | Reached skill level 1 in Invocations
  4979 | D:5      | Found a sacrificial altar of Ru.
  5128 | D:5      | Noticed a profane servitor
  5138 | D:5      | Found a glowing golden altar of the Shining One.
  5184 | D:5      | Found a runed translucent door.
  5190 | D:5      | Noticed tinescath's ghost (novice KoHu)
  5293 | D:5      | Reached XP level 7. HP: 17/40 MP: 8/8
  5478 | D:5      | Noticed Prince Ribbit
  5494 | D:5      | Killed Prince Ribbit
  5495 | D:5      | Reached skill level 5 in Long Blades
  5507 | D:5      | Found a blossoming altar of Fedhas.
  5578 | D:5      | Found a runed translucent door.
  5914 | D:5      | Noticed an angel
  5982 | D:5      | Killed tinescath's ghost
  5983 | D:5      | Reached skill level 5 in Throwing
  5983 | D:5      | Reached XP level 8. HP: 27/44 MP: 9/11
  6162 | D:6      | Reached skill level 6 in Long Blades
  6221 | D:5      | Reached skill level 5 in Invocations
  6575 | D:6      | Found an opulent altar of Gozag.
  6589 | D:6      | Noticed Blork the orc
  6599 | D:6      | Killed Blork the orc
  6599 | D:6      | Reached * piety under Makhleb
  6727 | D:6      | Found Ycwuheuq's Armour Boutique.
  6862 | D:6      | Found a runed translucent door.
  6863 | D:6      | Noticed noodleboyJ's ghost (novice DrMo)
  7310 | D:6      | Reached XP level 9. HP: 48/48 MP: 13/13
  8067 | D:7      | Reached skill level 7 in Long Blades
  8295 | D:7      | Found an iron altar of Okawaru.
  8483 | D:8      | Found a staircase to the Lair.
  8768 | D:8      | Found a broken altar of Ashenzari.
  9111 | D:8      | Reached ** piety under Makhleb
  9129 | D:8      | Reached skill level 8 in Long Blades
  9304 | D:8      | Annihilated by a very large slime creature

Illustrated notes

Levels and vault maps discovered:
D:1:      shiori_arrival_elements, layout_basic
D:2:      minmay_diamond_boxcup, layout_rooms, minmay_unequal
D:3:      layout_loops_ring, minmay_overflow_temple_star_quad
D:4:      layout_gridville, kennysheep_little_box, minmay_temple_entry_slanted
D:5:      layout_loops_cross, grunt_temple_overflow_holy_war,
          overflow_temple_1_default, ebering_ghost_sewer_f,
          fedhas_bush_and_centaur_altar, uniq_prince_ribbit1
D:6:      layout_basic, grunt_gozag_statues, serial_shops, shop,
          ebering_ghost_sewer_d, uniq_blork_the_orc
D:7:      layout_loops_ring, lemuel_coloured_pillars_altar
D:8:      layout_loops_corners, overflow_temple_1_default, lair_entry_dummy,
          zaba_anthell
Temple:   minmay_temple_bridge_abc

Skill      XL: |  1  2  3  4  5  6  7  8  9 |
---------------+----------------------------+-----
Throwing       | 2 3 4 5 6 7 |  7.6
Long Blades    | 3 4 5 6 8 |  8.0
Dodging        | 3 |  3.0
Invocations    | 2 4 5 7 |  7.7
Fighting       | |  2.1

Action                   |  1- 3 |  4- 6 |  7- 9 || total
-------------------------+-------+-------+-------++-------
Melee: Long sword        |   108 |   127 |       ||   235
       Short sword       |       |    94 |   317 ||   411
Throw: Boomerang         |     2 |       |       ||     2
       Dart              |       |       |     4 ||     4
  Use: Scroll            |       |     3 |     5 ||     8
Armor: Leather armour    |    30 |       |       ||    30
       Ring mail         |    24 |   133 |       ||   157
       Plate armour      |       |       |   203 ||   203
Dodge: Dodged            |    89 |   131 |    86 ||   306
       Rpst.: Long sword |    31 |    28 |       ||    59

Table legend: (Time is in decaauts)
 A = Elapsed time spent in this place.
 B = Non-inter-level travel time spent in this place.
 C = Inter-level travel time spent in this place.
 D = Time resting spent in this place.
 E = Time spent auto-exploring this place.
 F = Levels seen in this place.
 G = Mean time per level.
                   A        B        C        D        E       F      G
               +--------+--------+--------+--------+--------+-----+--------+
         Total |   9322 |   9063 |    259 |    271 |   7321 |   9 | 1035.8 |
       Dungeon |   9106 |   8871 |    235 |    271 |   7140 |   8 | 1138.2 |
        Temple |    215 |    191 |     24 |      0 |    181 |   1 |  215.0 |
               +--------+--------+--------+--------+--------+-----+--------+

Top non-repeatable levels by time:
     D:5: 1703 daAuts
     D:1: 1610 daAuts
     D:3: 1241 daAuts
     D:6: 1041 daAuts
     D:8: 945 daAuts
     D:2: 913 daAuts
     D:7: 840 daAuts
     D:4: 810 daAuts
  Temple: 215 daAuts
